 Dungeon Crawl Stone Soup version 0.30-a0-634-g8abc85282e (webtiles) character file.

Game seed: 10510926716867685478

6482 ryw the Summoner (level 10, -3/84 HPs)
             Began as a Demigod Summoner on Jan 15, 2023.
             Killed by divine providence
             ... invoked by an orc priest
              (15 damage)
             ... on level 9 of the Dungeon.
             The game lasted 00:22:07 (9547 turns).

ryw the Summoner (Demigod Summoner)                 Turns: 9547, Time: 00:22:08

Health: -3/84      AC:  4    Str:  9    XL:     10   Next: 41%
Magic:  3/17       EV: 17    Int: 29    God:
Gold:   376        SH:  0    Dex: 22    Spells: 3/15 levels left

rFire   + . .      SeeInvis .    r - +3 dagger (venom)
rCold   + . .      Faith    .    (no shield)
rNeg    . . .      Spirit   .    h - +1 robe "Umasagili" {rC+ Dex+2 Archmagi}
rPois   .          Reflect  .    (no helmet)
rElec   .          Harm     .    (no cloak)
rCorr   .          Rampage  .    (no gloves)
Will    +....      Archmagi +    A - +0 pair of boots
Stlth   ++                       j - amulet of the acrobat
HPRegen 0.34/turn                n - +6 ring of dexterity
MPRegen 0.15/turn                t - ring of protection from fire

@: very slightly contaminated
A: high MP 1, forlorn, divine attributes
a: no special abilities


You were on level 9 of the Dungeon.
You visited 1 branch of the dungeon, and saw 9 of its levels.

You collected 376 gold pieces.

Inventory:

Hand Weapons
 g - a +1 whip of protection
 r - a +3 dagger of venom (weapon)
 H - a +3 scimitar of flaming
Missiles
 e - 5 javelins
Armour
 h - the +1 robe "Umasagili" (worn) {rC+ Dex+2 Archmagi}
   (You found it on level 5 of the Dungeon)

   Dex:       It affects your dexterity (+2).
   rC:        It protects you from cold.
   Archmagi:  It increases the power of your magical spells.
 u - a +0 buckler
 A - a +0 pair of boots (worn)
 F - the +1 scale mail of the Arcane {Str+5}
   (You found it on level 7 of the Dungeon)

   Str:       It affects your strength (+5).
Jewellery
 j - an amulet of the acrobat (around neck)
 m - a ring of fire
 n - a +6 ring of dexterity (left hand)
 t - a ring of protection from fire (right hand)
 E - a ring of poison resistance
Wands
 s - a wand of quicksilver (9)
 y - a wand of polymorph (12)
 C - a wand of iceblast (17)
Scrolls
 a - a scroll of amnesia
 f - a scroll of enchant weapon
 q - a scroll of vulnerability
 D - a scroll of brand weapon
Potions
 b - 3 potions of magic
 c - 2 potions of haste
 d - 2 potions of resistance
 i - 2 potions of attraction
 k - 2 potions of mutation
 l - a potion of cancellation
 o - 3 potions of brilliance
 p - 4 potions of curing
 v - a potion of degeneration {unknown}
 w - a potion of might
 z - 2 potions of lignification
 B - a potion of flight {unknown}


   Skills:
 + Level 6.7 Fighting
 + Level 7.0 Dodging
 - Level 1.7 Stealth
 - Level 5.0 Shields
 - Level 3.0 Spellcasting
 + Level 10.6 Summonings


You had 3 spell levels left.
You knew the following spells:

 Your Spells              Type           Power      Damage    Failure   Level
a - Call Canine Familiar  Summ           78%        N/A       1%          3
b - Call Imp              Summ           78%        N/A       1%          2
c - Summon Guardian Gole  Hex/Summ       51%        N/A       2%          3
d - Summon Lightning Spi  Summ/Air       51%        N/A       9%          4

Your spell library contained the following spells:

 Spells                   Type           Power      Damage    Failure   Level
 Summon Small Mammal      Summ           100%       N/A       1%          1
 Slow                     Hex            24%        N/A       8%          1
 Confusing Touch          Hex            6%         N/A       22%         3
 Frozen Ramparts          Ice            12%        1d2       22%         3
 Vampiric Draining        Necr           6%         2d6       22%         3
 Summon Ice Beast         Ice/Summ       51%        N/A       9%          4
 Ice Form                 Ice/Tmut       6%         N/A       58%         4
 Leda's Liquefaction      Hex/Erth       3%         N/A       58%         4
 Lee's Rapid Deconstruct  Erth           3%         3d5*      91%         5
 Statue Form              Tmut/Erth      4%         N/A       100%        6


Dungeon Overview and Level Annotations

Branches:
Dungeon (9/15)             Temple (0/1) D:5
   Lair: D:8-11         Orc: D:9-12

Shops:
D:2 ?

Annotations:
D:9 Maurice


Innate Abilities, Weirdness & Mutations

You have an increased reservoir of magic. (+10% MP)
You shall have no god before yourself.
Your divine heritage dramatically boosts your attributes as you level up.


Message History

You hit the orc.
The orc is heavily wounded.
Your warg bites the orc priest.
The orc barely misses you.
The orc closely misses your crimson imp.
The orc barely misses your warg. Something hits you but does no damage.
Deactivating autopickup; reactivate with Ctrl-A.
The orc priest calls down the wrath of Beogh upon you.
Beogh smites you!
* * * LOW HITPOINT WARNING * * *
The orc priest invokes the aid of Beogh against you.
Pain shoots through your body!
* * * LOW HITPOINT WARNING * * *
Your crimson imp hits the orc but does no damage.
Your warg bites the orc priest.
You feel better.
You kill the orc priest!
The orc completely misses you. The orc misses your crimson imp.
The orc hits your warg with a +0 hand axe.
Something hits you.
* * * LOW HITPOINT WARNING * * *
The orc priest hits your warg with a +0 hand axe.
The orc priest hits your guardian golem but does no damage.
Your warg bites the orc!
The orc dies!
You feel better. Something closely misses you.
The orc priest hits your warg with a +0 hand axe!
The orc priest hits your guardian golem but does no damage.
Your warg bites the orc priest.
Your warg bites the orc priest.
Something hits you.
* * * LOW HITPOINT WARNING * * *
The orc priest closely misses your crimson imp.
The orc priest hits your guardian golem but does no damage.
The orc priest closely misses your warg.
Your crimson imp hits the orc priest.
You hit something.
Your warg barely misses the orc priest.
You hear some strange, mumbled words.
Something tries to affect you, but you resist.
The orc priest calls down the wrath of Beogh upon you.
Beogh smites you!
You die...

#... #...##########.
..........$....
..)...?......
#.......>.. #).)#
#...# #..{######.#
##..#####o5)@......#
........)9h........#
..######..########.#
. #..# .. #..#
...######..######
............>....
.................
.................


You could see an orc priest (ally target), a friendly guardian golem (summoned),
a friendly warg (summoned, sheltered) and a friendly crimson imp (summoned,
sheltered).

Vanquished Creatures
  A wyvern (D:7)
  A water moccasin (D:5)
  3 ice beasts (D:7)
  A centaur (D:8)
  A lemure (D:5)
  A kobold brigand (D:6)
  2 bullfrogs
  2 killer bees (D:7)
  A howler monkey (D:9)
  An orc priest (D:9)
  A hound (D:5)
  2 iguanas (D:6)
  An orc wizard (D:8)
  2 adders
  A shadow imp (D:6)
  An ufetubus (D:4)
  A dart slug (D:4)
  6 orcs
  2 ball pythons
  2 endoplasms
  A giant cockroach (D:4)
  2 goblins
  3 hobgoblins (D:3)
  2 quokkas
  6 bats
  2 frilled lizards
  11 kobolds
  4 rats (D:3)
64 creatures vanquished.

Vanquished Creatures (collateral kills)
  Erica (D:8)
  A two-headed ogre (D:9)
  Pikel (D:6)
  A wraith (D:9)
  A steam dragon (D:7)
  A water moccasin (D:8)
  Pargi (D:4)
  Duvessa (D:6)
  2 orc warriors (D:9)
  2 ice beasts (D:5)
  2 sky beasts
  2 ogres
  2 lemures (D:6)
  A phantom (D:5)
  2 scorpions
  Blork the orc (D:6)
  3 necrophages
  A bullfrog (D:4)
  Dowan (D:6)
  13 killer bees
  A vampire bat (D:3)
  3 howler monkeys
  An orc priest (D:9)
  2 hounds
  An iguana (D:5)
  3 orc wizards
  2 adders
  A shadow imp (D:6)
  2 white imps (D:6)
  3 dart slugs
  16 orcs
  4 endoplasms (D:1)
  A giant cockroach (D:3)
  4 hobgoblins (D:1)
  2 quokkas
  2 ball pythons
  4 bats
  A frilled lizard (D:3)
  3 goblins
  21 kobolds
  7 rats (D:1)
124 creatures vanquished.

Vanquished Creatures (others)
  A two-headed ogre (D:9)
  Sigmund (D:6)
  A black bear (D:5)
  A hound (D:5)
  An iguana (D:6)
  70 plants (D:6)
75 creatures vanquished.

Grand Total: 263 creatures vanquished

Notes
Turn   | Place    | Note
-------+----------+-------------------------------------------
     0 | D:1      | ryw the Demigod Summoner began the quest for the Orb.
     0 | D:1      | Reached XP level 1. HP: 14/14 MP: 5/5
   275 | D:1      | Reached skill level 4 in Summonings
   275 | D:1      | Reached XP level 2. HP: 20/20 MP: 2/7
   288 | D:1      | Learned a level 2 spell: Call Imp
   960 | D:1      | Reached XP level 3. HP: 26/26 MP: 8/8
   964 | D:1      | Learned a level 3 spell: Call Canine Familiar
  1390 | D:2      | Found Toqe's Magic Scroll Emporium.
  2847 | D:3      | Reached skill level 5 in Summonings
  2877 | D:3      | Reached XP level 4. HP: 21/33 MP: 5/9
  3217 | D:3      | Noticed an ice beast
  3519 | D:4      | Noticed a bullfrog
  3520 | D:4      | Noticed Pargi
  3522 | D:4      | Noticed a necrophage
  3783 | D:4      | Killed a bullfrog
  3784 | D:4      | Reached skill level 6 in Summonings
  3784 | D:4      | Reached XP level 5. HP: 38/38 MP: 3/10
  3877 | D:4      | Killed Pargi
  3883 | D:4      | Reached skill level 7 in Summonings
  3883 | D:4      | Reached XP level 6. HP: 45/45 MP: 2/11
  4364 | D:4      | Learned a level 3 spell: Summon Guardian Golem
  4609 | D:5      | Entered Level 5 of the Dungeon
  4757 | D:5      | Found a staircase to the Ecumenical Temple.
  4843 | D:5      | Reached skill level 8 in Summonings
  4843 | D:5      | Reached XP level 7. HP: 24/50 MP: 7/13
  5155 | D:5      | Reached skill level 1 in Fighting
  5222 | D:5      | Identified the +1 robe "Umasagili" {rC+ Dex+2 Archmagi}
  5732 | D:5      | Reached XP level 8. HP: 44/62 MP: 11/15
  5834 | D:5      | Learned a level 4 spell: Summon Lightning Spire
  5907 | D:6      | Noticed Pikel
  6041 | D:6      | Noticed Sigmund
  6047 | D:6      | Killed Sigmund
  6268 | D:6      | Noticed Blork the orc
  6290 | D:6      | Killed Blork the orc
  6291 | D:6      | Reached skill level 9 in Summonings
  6421 | D:6      | Killed Pikel
  6422 | D:6      | Reached skill level 1 in Shields
  7076 | D:6      | Reached XP level 9. HP: 60/71 MP: 16/16
  7112 | D:6      | Noticed Duvessa
  7113 | D:6      | Noticed Dowan
  7120 | D:6      | Killed Duvessa
  7133 | D:6      | Killed Dowan
  7415 | D:7      | Reached skill level 5 in Dodging
  7789 | D:7      | Reached skill level 5 in Fighting
  7936 | D:7      | Identified the +1 scale mail of the Arcane {Str+5}
  8733 | D:8      | Reached skill level 10 in Summonings
  8899 | D:8      | Noticed Erica
  8909 | D:8      | Killed Erica
  8910 | D:8      | Reached XP level 10. HP: 46/83 MP: 12/17
  9318 | D:9      | Noticed a two-headed ogre
  9325 | D:9      | Killed a two-headed ogre
  9326 | D:9      | Reached skill level 5 in Shields
  9327 | D:9      | Noticed Maurice
  9510 | D:9      | Noticed a two-headed ogre
  9516 | D:9      | Killed a two-headed ogre
  9547 | D:9      | Killed from afar by an orc priest

Illustrated notes

Levels and vault maps discovered:
D:1:      saegor_arrival_miasma, layout_loops_ring,
          hellmonk_ecumenical_altar_arch_garden, due_unseen_surprise
D:2:      layout_loops_ring, serial_shops, shop, hex_medium, chequers_arboretum,
          chequers_serial_rivers_micro_e
D:3:      layout_basic, roderic_batcave
D:4:      layout_basic, uniq_pargi
D:5:      layout_gridville, mainiacjoe_overflow_concentric_impassable,
          minmay_temple_entry_fiery
D:6:      kennysheep_kobold_camp, layout_rooms, uniq_pikel, uniq_blork_the_orc,
          uniq_duvessa, uniq_sigmund
D:7:      layout_basic, nicolae_overflow_hallway_of_the_gods,
          mainiacjoe_overflow_paths
D:8:      layout_loops_cross, nicolae_ru_great_annihilating_truth, uniq_erica
D:9:      layout_long_grid, lightli_minifort, uniq_maurice

Skill      XL: |  1  2  3  4  5  6  7  8  9 10 |
---------------+-------------------------------+-----
Spellcasting   | 2 3 |  3.0
Summonings     | 4 5 6 7 8 9 10 | 10.6
Dodging        | 3 4 6 7 |  7.0
Fighting       | 2 4 5 6 |  6.7
Shields        | 2 4 5 |  5.0
Stealth        | |  1.7

Action                   |  1- 3 |  4- 6 |  7- 9 | 10-12 || total
-------------------------+-------+-------+-------+-------++-------
Melee: Unarmed           |     9 |       |       |       ||     9
       Short sword       |    73 |    22 |       |       ||    95
       Punch             |     1 |     1 |     5 |       ||     7
       Dagger            |       |    13 |   141 |    24 ||   178
 Cast: Summon Small Mamm |    59 |    17 |       |       ||    76
       Call Imp          |    20 |    13 |    25 |     3 ||    61
       Call Canine Famil |       |    12 |    26 |     4 ||    42
       Summon Guardian G |       |     2 |     6 |     3 ||    11
       Summon Lightning  |       |       |     3 |     3 ||     6
  Use: Potion            |     2 |       |       |     2 ||     4
       Scroll            |       |     8 |     6 |     2 ||    16
 Stab: Sleeping          |     5 |       |     5 |       ||    10
       Distracted        |       |     1 |     4 |       ||     5
       Paralysed         |       |       |     1 |       ||     1
Armor: Robe              |    32 |     4 |    19 |     1 ||    56
Dodge: Dodged            |    98 |    43 |   105 |    34 ||   280

Table legend: (Time is in decaauts)
 A = Elapsed time spent in this place.
 B = Non-inter-level travel time spent in this place.
 C = Inter-level travel time spent in this place.
 D = Time resting spent in this place.
 E = Time spent auto-exploring this place.
 F = Levels seen in this place.
 G = Mean time per level.
                   A        B        C        D        E       F      G
               +--------+--------+--------+--------+--------+-----+--------+
         Total |   9572 |   9216 |    356 |   1502 |   5996 |   9 | 1063.6 |
       Dungeon |   9572 |   9216 |    356 |   1502 |   5996 |   9 | 1063.6 |
               +--------+--------+--------+--------+--------+-----+--------+

Top non-repeatable levels by time:
     D:6: 1370 daAuts
     D:1: 1353 daAuts
     D:5: 1348 daAuts
     D:3: 1308 daAuts
     D:4: 1042 daAuts
     D:7: 1037 daAuts
     D:8: 966 daAuts
     D:2: 904 daAuts
     D:9: 240 daAuts
